 Dungeon Crawl Stone Soup version 0.13.2 (webtiles) character file.

641 sanboga the Shield-Bearer (level 6, -7/53 HPs)
             Began as a Minotaur Fighter on Mar 15, 2017.
             Killed from afar by an orc wizard (10 damage)
             ... with a magic dart
             ... on Level 6 of the Dungeon.
             The game lasted 00:10:19 (2798 turns).

sanboga the Shield-Bearer (Minotaur Fighter)        Turns: 2798, Time: 00:10:19

HP  -7/53        AC  8     Str 23      XL: 6   Next: 97%
MP   2/2         EV  7     Int  5      God:
Gold 135         SH 20     Dex  7 (9)  Spells:  0 memorised,  5 levels left

Res.Fire  : . . .   See Invis. : .   e - +1 short sword
Res.Cold  : . . .   Warding    : .   b - +0 scale mail
Life Prot.: . . .   Conserve   : .   c - +0 shield
Res.Poison: .       Res.Corr.  : .   (helmet restricted)
Res.Elec. : .       Clarity    : .   (no cloak)
Sust.Abil.: . .     Spirit.Shd : .   (no gloves)
Res.Mut.  : .       Stasis     : .   w - +0 pair of boots (curse)
Res.Rott. : .       Flight     : .   (no amulet)
Saprovore : . . .                    (no ring)
                                     (no ring)

@: slowed, very slow, slightly resistant to hostile enchantments, extremely
unstealthy
A: retaliatory headbutt, horns 2
a: no special abilities


You were on level 6 of the Dungeon.
You were not hungry.

You visited 1 branch of the dungeon, and saw 4 of its levels.

You collected 115 gold pieces.

Inventory:

Hand weapons
 e - a +1,+1 short sword (weapon)
Missiles
 m - 11 poisoned needles
 n - 4 needles of confusion
 p - 5 darts of frost (quivered)
Armour
 b - a +0 scale mail (worn)
 c - a +0 shield (worn)
 w - a cursed +0 pair of boots (worn)
Comestibles
 a - 2 apples
 d - 2 bread rations
 f - a snozzcumber
 g - a meat ration
 h - a choko
 q - a lemon
Scrolls
 j - a scroll of enchant weapon II
 k - 2 scrolls of identify
 o - 2 scrolls of random uselessness {unknown}
 r - a scroll of remove curse {unknown}
 s - a scroll of magic mapping {unknown}
 u - 2 scrolls of teleportation
 v - a scroll of curse armour {unknown}
Potions
 i - 3 potions of curing
 l - a potion of speed
 t - 2 potions of agility {unknown}


   Skills:
 + Level 4.3 Fighting
 + Level 2.9 Short Blades
 + Level 5.9 Armour
 + Level 4.0 Dodging
 + Level 5.9 Shields


You had 5 spell levels left.
You didn't know any spells.

Dungeon Overview and Level Annotations

Branches:
Dungeon (6/27)
 Temple: D:4-7          Orc: D:6-11

Altars:
Makhleb
Xom


Innate Abilities, Weirdness & Mutations

You reflexively headbutt those who attack you in melee.
You have a pair of horns on your head.


Message History

An orc wizard comes into view. It is wielding a glowing elven trident.
You see here an orcish hand axe.
The orc wizard shouts!
An orc wizard comes into view. It is wielding an orcish dagger.
You see here a scroll of enchant weapon II.
The orc wizard shouts!
The orc wizard gestures at you while chanting.
You feel yourself slow down.
You see here a scroll of enchant weapon II.
j - a scroll of enchant weapon II The orc wizard drops an orcish dagger.
The orc wizard picks up an orcish hand axe.
The orc wizard mumbles some strange words.
The orc wizard seems to speed up.
You block the orc wizard's attack.
The orc wizard points at you and mumbles some strange words.
The puff of flame hits you!
* * * LOW HITPOINT WARNING * * *
The orc wizard points at you and mumbles some strange words.
The magic dart hits you!
You die...

##########..#.##...
#..................
##...........#.##.##
#............#.#
#........)..##.#
#...........# .#
#...........# .#
#.......).o.##.#
#.#.......o..@.#
.#.############ #.


You could see 2 orc wizards.

Vanquished Creatures
  Eustachio (D:6)
  The ghost of sanboga the Shield-Bearer, an average MiFi (D:3)
  A black bear (D:6)
  A centaur (D:6)
  A jelly (D:6)
  A lemure (D:6)
  A green rat (D:6)
  3 adders
  A giant gecko (D:1)
  An ooze (D:2)
  An orc (D:6)
  4 giant cockroaches
  8 goblins
  5 hobgoblins
  3 quokkas
  11 bats
  6 giant newts
  4 jackals (D:1)
  11 kobolds
  11 rats
76 creatures vanquished.

Notes
Turn   | Place    | Note
--------------------------------------------------------------
     0 | D:1      | sanboga, the Minotaur Fighter, began the quest for the Orb.
     0 | D:1      | Reached XP level 1. HP: 19/19 MP: 0/0
   107 | D:1      | Reached XP level 2. HP: 24/26 MP: 0/0
   271 | D:1      | Reached skill level 4 in Shields
   728 | D:1      | Reached XP level 3. HP: 33/33 MP: 1/1
   978 | D:2      | Reached skill level 1 in Dodging
  1477 | D:2      | Reached XP level 4. HP: 39/39 MP: 1/1
  1790 | D:3      | Noticed sanboga's ghost (average MiFi)
  1795 | D:3      | Found a shimmering altar of Xom.
  1796 | D:3      | Found a shimmering altar of Xom.
  1832 | D:3      | Killed sanboga's ghost
  1832 | D:3      | Reached skill level 5 in Armour
  1832 | D:3      | Reached skill level 5 in Shields
  1832 | D:3      | Reached XP level 5. HP: 16/46 MP: 1/1
  2039 | D:3      | Found a shimmering altar of Xom.
  2075 | D:3      | You fall through a shaft!
  2075 | D:6      | Noticed a centaur
  2090 | D:6      | Killed a centaur
  2335 | D:6      | Reached XP level 6. HP: 21/53 MP: 2/2
  2536 | D:6      | Found a burning altar of Makhleb.
  2613 | D:6      | Noticed a black bear
  2627 | D:6      | Killed a black bear
  2630 | D:6      | Noticed Eustachio
  2672 | D:6      | Killed Eustachio
  2798 | D:6      | Killed from afar by an orc wizard

Action                   |  1- 3 |  4- 6 || total
-------------------------+-------+-------++-------
Melee: Short sword       |   134 |   141 ||   275
  Use: Scroll            |     6 |       ||     6
       Potion            |     3 |     3 ||     6
